MID
SOUTH BEND SILVER HAWKS @ CEDAR RAPIDS KERNELS
05/16/2054
 
TOP OF THE 1ST
Lansing Lugnuts batting - Pitching for Great Lakes Loons : RHP Manny Martínez
Pitching: RHP Manny Martínez
Batting: RHB Richard Anthony 0-0: Ball
1-0: Foul Ball, location: 2F
1-1: Ground out 6-3 (Groundball, 6)
Batting: RHB Johnny Preston 0-0: Ball
1-0: Called Strike
1-1: Ground out 6-3 (Groundball, 6)
Batting: RHB Nobuhito Sugahara 0-0: Called Strike
0-1: Ball
1-1: Ball
2-1: Ball
3-1: Called Strike
3-2: Base on Balls
Batting: LHB Jack Mitchell 0-0: Ball
1-0: Ball
2-0: Called Strike
2-1: Called Strike
2-2: Strikes out swinging
Top of the 1st over - 0 runs, 0 hits, 0 errors, 1 left on base; Lansing 0 - Great Lakes 0
BOTTOM OF THE 1ST
Great Lakes Loons batting - Pitching for Lansing Lugnuts : RHP Justin Bailey
Pitching: RHP Justin Bailey
Batting: SHB António Durango 0-0: Ball
1-0: Ball
2-0: Called Strike
2-1: Swinging Strike
2-2: Ground out U3 (Groundball, 34S)
Batting: LHB Bailey Dennard 0-0: Ball
1-0: Ball
2-0: Called Strike
2-1: Ball
3-1: Base on Balls
Batting: LHB Tony Fuentes 0-0: Called Strike
0-1: Ball
Wild Pitch!
Bailey Dennard to second
1-1: Ball
2-1: Swinging Strike
2-2: Ball
3-2: Fly out, F7 (Flyball, 7S)
Batting: LHB Ramón Álvarez 0-0: Called Strike
0-1: Called Strike
0-2: Ball
Wild Pitch!
Bailey Dennard to third
1-2: Ball
2-2: Strikes out swinging
Bottom of the 1st over - 0 runs, 0 hits, 0 errors, 1 left on base; Lansing 0 - Great Lakes 0
TOP OF THE 2ND
Lansing Lugnuts batting - Pitching for Great Lakes Loons : RHP Manny Martínez
Batting: RHB Radhi Hakizimana 0-0: Foul Ball, location: 2F
0-1: Fly out, F3 (Popup, 3L)
Batting: RHB Tadashi Endo 0-0: Called Strike
0-1: Ball
1-1: Foul Ball, location: 2F
1-2: Foul Ball, location: 2F
1-2: Ball
2-2: Ball
3-2: Strikes out swinging
Batting: RHB Luis Martínez 0-0: Ball
1-0: Called Strike
1-1: Ball
2-1: Ball
3-1: Foul Ball, location: 2F
3-2: Foul Ball, location: 2F
3-2: Base on Balls
Batting: RHB Roberto Martínez 0-0: Ball
1-0: Ball
2-0: Swinging Strike
2-1: Ground out 4-3 (Groundball, 4)
Top of the 2nd over - 0 runs, 0 hits, 0 errors, 1 left on base; Lansing 0 - Great Lakes 0
BOTTOM OF THE 2ND
Great Lakes Loons batting - Pitching for Lansing Lugnuts : RHP Justin Bailey
Batting: RHB Domingo Nua 0-0: SINGLE (Groundball, 4MD)
Batting: LHB Carlos Martínez 0-0: Ball
1-0: Ball
2-0: Ball
3-0: Base on Balls
Domingo Nua to second
Batting: SHB Matt Drake 0-0: SINGLE (Groundball, 4MD)
Domingo Nua to third
Carlos Martínez to second
Batting: RHB Kenny Kerste 0-0: Foul Ball, location: 2F
0-1: Ball
1-1: Foul Ball, location: 2F
1-2: Ball
2-2: Ball
3-2: Strikes out looking
Batting: RHB Ed Campbell 0-0: Ball
1-0: Ball
2-0: Ball
3-0: Called Strike
3-1: SINGLE (Groundball, 6MD)
Domingo Nua scores
Carlos Martínez to third
Matt Drake to second
Batting: SHB António Durango 0-0: Swinging Strike
0-1: Ball
1-1: Foul Ball, location: 2F
1-2: Ball
2-2: Ball
3-2: Fielders Choice at 2nd, 4-6 (Groundball, 4)
Carlos Martínez scores
Matt Drake to third
Batting: LHB Bailey Dennard 0-0: Ball
1-0: Called Strike
1-1: Fly out, F1 (Line Drive, P)
Bottom of the 2nd over - 2 runs, 3 hits, 0 errors, 2 left on base; Lansing 0 - Great Lakes 2
TOP OF THE 3RD
Lansing Lugnuts batting - Pitching for Great Lakes Loons : RHP Manny Martínez
Batting: RHB Álex Gonzáles 0-0: Called Strike
0-1: SINGLE (Groundball, 6D)
Batting: RHB Richard Anthony 0-0: Ball
1-0: Fielders Choice at 2nd, 1-4 (Groundball, 15)
Batting: RHB Johnny Preston 0-0: Called Strike
Richard Anthony steals 2nd, throwing error, E2
Richard Anthony to third
0-1: Ball
1-1: Called Strike
1-2: Ground out 4-3 (Groundball, 4)
Richard Anthony scores
Batting: RHB Nobuhito Sugahara 0-0: Fly out, F8 (Line Drive, 8LM)
Top of the 3rd over - 1 run, 1 hit, 1 error, 0 left on base; Lansing 1 - Great Lakes 2
BOTTOM OF THE 3RD
Great Lakes Loons batting - Pitching for Lansing Lugnuts : RHP Justin Bailey
Batting: LHB Tony Fuentes 0-0: Foul Ball, location: 2F
0-1: Ball
1-1: Ball
2-1: Ground out 6-3 (Groundball, 6)
Batting: LHB Ramón Álvarez 0-0: Called Strike
0-1: Ball
1-1: Foul Ball, location: 2F
1-2: Ball
2-2: Strikes out swinging
Batting: RHB Domingo Nua 0-0: SINGLE (Groundball, 34D)
Batting: LHB Carlos Martínez 0-0: Ball
1-0: Ball
2-0: Foul Ball, location: 2F
2-1: Swinging Strike
2-2: Ground out 4-3 (Groundball, 4)
Bottom of the 3rd over - 0 runs, 1 hit, 0 errors, 1 left on base; Lansing 1 - Great Lakes 2
TOP OF THE 4TH
Lansing Lugnuts batting - Pitching for Great Lakes Loons : RHP Manny Martínez
Batting: LHB Jack Mitchell 0-0: Fly out, F8 (Flyball, 8RS)
Batting: RHB Radhi Hakizimana 0-0: Called Strike
0-1: Ball
1-1: DOUBLE (Line Drive, 89D)
Batting: RHB Tadashi Endo 0-0: Ball
1-0: Called Strike
1-1: Ground out 1-3 (Groundball, 25)
Batting: RHB Luis Martínez 0-0: Foul Ball, location: 2F
0-1: Fly out, F1 (Line Drive, P)
Top of the 4th over - 0 runs, 1 hit, 0 errors, 1 left on base; Lansing 1 - Great Lakes 2
BOTTOM OF THE 4TH
Great Lakes Loons batting - Pitching for Lansing Lugnuts : RHP Justin Bailey
Batting: SHB Matt Drake 0-0: Ball
1-0: Called Strike
1-1: Fly out, F7 (Flyball, 78M)
Batting: RHB Kenny Kerste 0-0: SINGLE (Groundball, 56D)
Batting: RHB Ed Campbell 0-0: Foul Ball, location: 2F
0-1: SINGLE (Flyball, 9LS)
Kenny Kerste to second
Batting: SHB António Durango 0-0: Ball
1-0: Foul Ball, location: 2F
1-1: Called Strike
1-2: SINGLE (Groundball, 56D)
Kenny Kerste to third
Ed Campbell to second
Batting: LHB Bailey Dennard 0-0: Ball
1-0: Ball
2-0: Fielders Choice at 2nd, 5-4 (Groundball, 5)
Kenny Kerste scores
Ed Campbell to third
Batting: LHB Tony Fuentes 0-0: Ball
1-0: Swinging Strike
1-1: Ball
2-1: Foul Ball, location: 2F
2-2: Ball
3-2: Fly out, F9 (Flyball, 9S)
Bottom of the 4th over - 1 run, 3 hits, 0 errors, 2 left on base; Lansing 1 - Great Lakes 3
TOP OF THE 5TH
Lansing Lugnuts batting - Pitching for Great Lakes Loons : RHP Manny Martínez
Batting: RHB Roberto Martínez 0-0: Ground out 4-3 (Groundball, 4)
Batting: RHB Álex Gonzáles 0-0: Ground out 4-3 (Groundball, 4)
Batting: RHB Richard Anthony 0-0: Called Strike
0-1: SINGLE (Groundball, 34D)
Batting: RHB Johnny Preston 0-0: Called Strike
0-1: Foul Ball, location: 2F
0-2: Strikes out swinging
Top of the 5th over - 0 runs, 1 hit, 0 errors, 1 left on base; Lansing 1 - Great Lakes 3
BOTTOM OF THE 5TH
Great Lakes Loons batting - Pitching for Lansing Lugnuts : RHP Justin Bailey
Batting: LHB Ramón Álvarez 0-0: Ball
1-0: Called Strike
1-1: Swinging Strike
1-2: Strikes out looking and he ARGUES THE CALL AND IS TOSSED!
Pitching: RHP Conan Phillips
Batting: RHB Domingo Nua 0-0: Called Strike
0-1: Called Strike
0-2: Ball
1-2: Strikes out swinging
Batting: LHB Carlos Martínez 0-0: Called Strike
0-1: Ball
1-1: Foul Ball, location: 2F
1-2: Strikes out looking
Bottom of the 5th over - 0 runs, 0 hits, 0 errors, 0 left on base; Lansing 1 - Great Lakes 3
TOP OF THE 6TH
Lansing Lugnuts batting - Pitching for Great Lakes Loons : RHP Manny Martínez
Now in RF: Dong-soo Kim
Batting: RHB Nobuhito Sugahara 0-0: SINGLE (Groundball, 6D)
Batting: LHB Jack Mitchell 0-0: Ball
1-0: Ball
2-0: Hit by Pitch
Nobuhito Sugahara to second
Batting: RHB Radhi Hakizimana 0-0: SINGLE (Flyball, 89M)
Nobuhito Sugahara to third
Jack Mitchell to second
Runner from 3rd tries for Home, SAFE, no throw by CF
Batting: RHB Tadashi Endo 0-0: Bunted foul
0-1: Bunt missed!
0-2: Ball
1-2: Fly out, F4 (Popup, 4S)
Batting: RHB Luis Martínez 0-0: Called Strike
0-1: Ball
1-1: Ball
2-1: Foul Ball, location: 2F
2-2: SINGLE (Groundball, 6MD)
Jack Mitchell to third
Radhi Hakizimana to second
Runner from 3rd tries for Home, throw by CF and OUT! 8-2
Batting: RHB Roberto Martínez 0-0: Ball
1-0: Ball
2-0: Swinging Strike
2-1: Foul Ball, location: 2F
2-2: Ball
3-2: Ground out 5-3 (Groundball, 56S)
Top of the 6th over - 1 run, 3 hits, 0 errors, 2 left on base; Lansing 2 - Great Lakes 3
BOTTOM OF THE 6TH
Great Lakes Loons batting - Pitching for Lansing Lugnuts : RHP Conan Phillips
Batting: SHB Matt Drake 0-0: Ball
1-0: Swinging Strike
1-1: Ball
2-1: Foul Ball, location: 2F
2-2: Foul Ball, location: 2F
2-2: Strikes out swinging
Batting: RHB Kenny Kerste 0-0: Ball
1-0: Ball
2-0: Foul Ball, location: 2F
2-1: Ball
3-1: Called Strike
3-2: Foul Ball, location: 2F
3-2: Strikes out looking
Batting: RHB Ed Campbell 0-0: Ball
1-0: Foul Ball, location: 2F
1-1: Ball
2-1: Ball
3-1: Foul Ball, location: 2F
3-2: Strikes out swinging
Bottom of the 6th over - 0 runs, 0 hits, 0 errors, 0 left on base; Lansing 2 - Great Lakes 3
TOP OF THE 7TH
Lansing Lugnuts batting - Pitching for Great Lakes Loons : RHP Manny Martínez
Batting: RHB Álex Gonzáles 0-0: Ball
1-0: Foul Ball, location: 2F
1-1: Ball
2-1: Ground out 4-3 (Groundball, 4S)
Batting: RHB Richard Anthony 0-0: Called Strike
0-1: Called Strike
0-2: Strikes out swinging
Batting: RHB Johnny Preston 0-0: Ball
1-0: Ball
2-0: Ground out 5-3 (Groundball, 56)
Top of the 7th over - 0 runs, 0 hits, 0 errors, 0 left on base; Lansing 2 - Great Lakes 3
BOTTOM OF THE 7TH
Great Lakes Loons batting - Pitching for Lansing Lugnuts : RHP Conan Phillips
Batting: SHB António Durango 0-0: Called Strike
0-1: Ball
1-1: Ball
2-1: Ball
3-1: Base on Balls
Batting: LHB Bailey Dennard 0-0: Called Strike
António Durango steals 2nd base
0-1: Bunted foul
0-2: Strikes out looking
Batting: LHB Tony Fuentes 0-0: Ball
1-0: Called Strike
1-1: Ball
2-1: DOUBLE (Line Drive, 78D)
António Durango scores
Batting: RHB Dong-soo Kim 0-0: Ball
1-0: Ball
2-0: Ball
3-0: Base on Balls
Batting: RHB Domingo Nua 0-0: Called Strike
0-1: Ball
1-1: Foul Ball, location: 2F
1-2: Ball
2-2: Ball
3-2: Base on Balls
Tony Fuentes to third
Dong-soo Kim to second
Pitching: RHP John Colbourne
Batting: LHB Carlos Martínez 0-0: Foul Ball, location: 2F
0-1: Grounds into fielders choice 3-2 (Groundball, 34S)
Dong-soo Kim to third
Domingo Nua to second
Pinch Hitting: RHB Pedro Deleón 0-0: Fly out, F9 (Line Drive, 9)
Bottom of the 7th over - 1 run, 1 hit, 0 errors, 3 left on base; Lansing 2 - Great Lakes 4
TOP OF THE 8TH
Lansing Lugnuts batting - Pitching for Great Lakes Loons : RHP Manny Martínez
Now at 3B: Pedro Deleón
Batting: RHB Nobuhito Sugahara 0-0: DOUBLE (Line Drive, 78XD)
Batting: LHB Jack Mitchell 0-0: Foul Ball, location: 2F
0-1: Ball
1-1: Ball
2-1: Called Strike
2-2: Ball
3-2: Base on Balls
Pitching: RHP Jeffrey Garlock
Batting: RHB Radhi Hakizimana 0-0: Called Strike
0-1: Ball
1-1: Swinging Strike
1-2: Ball
2-2: Strikes out swinging
Pitching: RHP Wing-kit Tsou
Batting: RHB Tadashi Endo 0-0: Called Strike
0-1: Foul Ball, location: 2F
0-2: Ball
1-2: Ball
2-2: Ground out 5-3 (Groundball, 5S)
Nobuhito Sugahara to third
Jack Mitchell to second
Pinch Hitting: LHB Ed Rosário 0-0: SINGLE (Groundball, 4D)
Nobuhito Sugahara scores
Jack Mitchell to third
Runner from 3rd tries for Home, SAFE, throw by CF to home
Ed Rosário to second
Batting: RHB Roberto Martínez 0-0: Ball
1-0: Called Strike
1-1: Hit by Pitch
Batting: RHB Álex Gonzáles 0-0: Ball
1-0: Ball
2-0: Ball
3-0: Called Strike
3-1: Called Strike
3-2: Strikes out swinging
Top of the 8th over - 2 runs, 2 hits, 0 errors, 2 left on base; Lansing 4 - Great Lakes 4
BOTTOM OF THE 8TH
Great Lakes Loons batting - Pitching for Lansing Lugnuts : RHP John Colbourne
Now at 3B: Paul Faulkner
Pinch Hitting: RHB Richard Emery 0-0: Ball
1-0: Ball
2-0: Ball
3-0: Called Strike
3-1: DOUBLE (Line Drive, 8RXD)
Batting: RHB Ed Campbell 0-0: Bunt missed!
0-1: Sac Bunt to 23 - play at first, batter OUT! 3-4
Richard Emery to third
Batting: SHB António Durango 0-0: Ball
1-0: Ball
2-0: Called Strike
2-1: SINGLE (Flyball, 89S)
Richard Emery scores
Batting: LHB Bailey Dennard 0-0: Called Strike
António Durango steals 2nd base
0-1: Ground out 4-3 (Groundball, 4)
António Durango to third
Batting: LHB Tony Fuentes 0-0: Ball
1-0: Called Strike
1-1: Ball
2-1: Ground out 6-3 (Groundball, 6D)
Bottom of the 8th over - 1 run, 2 hits, 0 errors, 1 left on base; Lansing 4 - Great Lakes 5
TOP OF THE 9TH
Lansing Lugnuts batting - Pitching for Great Lakes Loons : RHP Wing-kit Tsou
Now in LF: Stéphane Robitaille
Batting: RHB Richard Anthony 0-0: Called Strike
0-1: Ball
1-1: Ball
2-1: Called Strike
2-2: Foul Ball, location: 2F
2-2: Strikes out swinging
Batting: RHB Johnny Preston 0-0: Ball
1-0: Foul Ball, location: 2F
1-1: Ball
2-1: SINGLE (Groundball, 56)
Batting: RHB Nobuhito Sugahara 0-0: Ball
1-0: Ball
2-0: Ball
3-0: Called Strike
3-1: Base on Balls
Johnny Preston to second
Batting: LHB Jack Mitchell 0-0: Called Strike
0-1: Called Strike
0-2: Foul Ball, location: 2F
0-2: Ball
1-2: Ground out 5-3 (Groundball, 56S)
Johnny Preston to third
Nobuhito Sugahara to second
Batting: RHB Radhi Hakizimana 0-0: Ball
1-0: Ball
2-0: Foul Ball, location: 2F
2-1: Foul Ball, location: 2F
2-2: Strikes out swinging
Top of the 9th over - 0 runs, 1 hit, 0 errors, 2 left on base; Lansing 4 - Great Lakes 5
Thursday, June 4th, 2020 - OOTP Baseball 20.8 Build 74